Map: Prion Terraces

Players

ignite - Winner!

  • Race: Terran Terran
  • League: Master

Nuckzer

  • Race: Zerg Zerg
  • League: Diamond

VOD

Have the link to the VOD?

Description

Time

  • Played on: March 19, 2016, 12:05 p.m.
  • Length: 17:33
Show
View Real Time Build Order
Export as new Build Order

ignite Terran - Winner!

Build Orders: Reaper Expand 

Get SALT Encoding   

  12  0:00  SCV  
  13  0:13  SCV  
  14  0:17  Supply Depot  
  14  0:25  SCV  
  15  0:39  SCV  
  15  0:40  Barracks  
  16  0:46  Refinery  
  16  0:51  SCV  
  17  1:03  SCV  
  18  1:15  SCV  
  19  1:28  Orbital Command  
  19  1:29  Reaper  
  20  1:44  Command Center  
  20  1:53  SCV  
  21  1:54  Supply Depot  
  21  2:01  Reaper  
  21  2:05  SCV  
  23  2:18  SCV  
  24  2:28  Command Center  
  24  2:38  Factory  
  24  2:50  SCV  
  25  2:54  Barracks Reactor  
  25  3:03  Orbital Command  
  25  3:04  SCV  
  26  3:16  SCV  
  27  3:31  Marine x2  
  29  3:35  Starport, Widow Mine  
  29  3:37  SCV  
  29  3:40  SCV  
  33  3:41  Orbital Command  
  33  3:42  Bunker  
  33  3:45  Refinery  
  33  3:48  Marine  
  33  3:49  Marine  
  33  3:53  SCV  
  32  4:03  SCV  
  32  4:05  SCV  
  32  4:06  Marine x2  
  32  4:07  Widow Mine  
  23  4:24  Marine x2, Bunker  
  23  4:26  SCV  
  23  4:27  SCV  
  21  4:42  Marine x2  
  18  5:00  SCV x2, Marine x2  
  22  5:07  Medivac  
  24  5:14  SCV x2  
  26  5:26  SCV x3  
  28  5:38  Barracks Tech Lab, SCV x2  
  30  5:45  SCV  
  31  5:50  SCV  
  31  5:57  Factory Tech Lab, SCV  
  32  6:01  Marine, Engineering Bay, Barracks  
  32  6:02  Barracks  
  34  6:04  SCV x2  
  37  6:11  SCV  
  37  6:15  Siege Tank  
  37  6:16  SCV x2  
  37  6:18  Starport Reactor  
  42  6:23  SCV  
  42  6:24  Barracks  
  43  6:25  Barracks  
  43  6:27  Marine  
  44  6:35  SCV x3  
  44  6:37  Stimpack  
  47  6:47  SCV  
  47  6:48  Marine x3  
  47  6:49  SCV x2  
  47  6:52  Supply Depot  
  47  6:53  Supply Depot x2  
  53  6:56  Refinery  
  53  6:58  Refinery, Terran Infantry Weapons Level 1  
  53  6:59  SCV  
  53  7:01  SCV  
  53  7:09  SCV  
  53  7:10  Marine x2  
  53  7:11  Barracks Tech Lab, SCV  
  53  7:13  SCV  
  56  7:18  Barracks Tech Lab x2  
  56  7:21  SCV, Marauder  
  58  7:25  SCV x2  
  60  7:31  Marine x2  
  60  7:32  Marauder  
  60  7:36  SCV  
  65  7:37  Siege Tank  
  65  7:40  Orbital Command  
  65  7:41  Supply Depot  
  65  7:42  Supply Depot  
  65  7:43  Supply Depot  
  66  7:44  Bunker x2  
  66  7:45  Marine, Marauder  
  66  7:46  Marauder  
  66  7:47  SCV x2  
  73  7:53  Medivac  
  73  7:57  Medivac  
  77  8:03  SCV x2  
  77  8:04  Marine, Marauder  
  77  8:05  Marauder  
  84  8:08  SCV  
  84  8:13  Marine, Marauder  
  84  8:17  Supply Depot  
  87  8:20  SCV x2, Supply Depot  
  87  8:22  SCV  
  90  8:29  Marauder x2  
  90  8:30  Marine x2  
  90  8:32  Medivac x2  
  100  8:35  SCV x3  
  103  8:42  Marine, Marauder  
  103  8:47  SCV  
  107  8:53  Marine x2, Marauder x2  
  107  8:55  SCV x2, Supply Depot  
  114  8:56  Supply Depot, Siege Tank  
  114  8:58  Supply Depot  
  114  8:59  SCV  
  114  9:02  Medivac  
  120  9:06  Marine, Marauder  
  120  9:07  SCV  
  124  9:10  Marine  
  124  9:15  Marine  
  124  9:16  Marine  
  127  9:17  Marauder  
  127  9:24  Marauder  
  127  9:27  Marine  
  127  9:28  Siege Tank  
  127  9:30  Marine  
  130  9:33  Marine  
  130  9:34  Marauder  
  132  9:44  Marauder  
  132  9:45  Marine x2  
  134  9:51  SCV x3  
  136  9:53  Factory  
  136  9:54  Barracks  
  136  9:55  Barracks  
  136  9:56  Command Center  
  136  9:57  Barracks  
  136  10:00  Siege Tank  
  136  10:06  Armory  
  139  10:09  Engineering Bay  
  139  10:10  Marine  
  139  10:11  Marauder x3  
  146  10:20  Marine  
  146  10:21  Medivac, Marauder  
  147  10:24  Supply Depot  
  147  10:25  Supply Depot  
  149  10:30  Medivac, Marine  
  149  10:32  Marauder x2  
  156  10:37  Marauder  
  156  10:38  Marine  
  156  10:42  Marauder  
  153  10:50  Marine  
  153  10:51  Barracks Tech Lab, Medivac  
  153  10:52  Barracks Reactor x2  
  153  10:53  Marauder x2  
  153  10:56  Marine  
  161  10:58  Factory Tech Lab, Marauder  
  161  11:03  Marine  
  163  11:06  Supply Depot  
  163  11:07  Supply Depot  
  163  11:09  Refinery  
  163  11:14  Marine x2  
  163  11:15  Marauder  
  167  11:19  Marine  
  167  11:20  Marauder x2  
  167  11:21  Marine  
  172  11:38  Marine x2, Marauder x2  
  178  11:40  Marine x3, Reaper  
  178  11:41  Marauder  
  177  11:49  Marauder x2  
  143  11:55  Marine x2  
  143  11:59  Marauder x2  
  148  12:03  Marine, Marauder  
  148  12:04  Siege Tank  
  148  12:05  Marine  
  155  12:10  Marauder x2  
  157  12:26  Marine x3  
  157  12:27  Marauder  
  142  12:30  Marine x2  
  142  12:31  Marauder  
  136  12:38  Marine x2, Marauder  
  136  12:43  Terran Infantry Weapons Level 2, Marauder  
  136  12:44  Marine x3, Terran Infantry Armor Level 1  
  142  12:46  Command Center  
  137  12:56  Reaper  
  137  12:57  Marine x3, Marauder x2  
  142  12:59  Marine  
  142  13:00  Siege Tank  
  142  13:02  Planetary Fortress  
  145  13:20  Marine, Marauder  
  147  13:33  Marine x2, Marauder  
  147  13:34  Marauder, Siege Tank x2  
  155  13:38  Medivac  
  155  13:40  Marine x2  
  162  13:44  Refinery, Marine x2, Marauder  
  162  13:47  Command Center  
  166  13:49  Marine  
  166  13:50  Marauder  
  166  13:51  Marine  
  166  13:55  Marauder  
  154  13:57  Marine  
  154  13:58  Marauder  
  149  14:06  Marauder, Siege Tank  
  154  14:10  SCV  
  154  14:13  SCV  
  154  14:15  Marine  
  154  14:16  Marauder  
  154  14:24  SCV  
  154  14:25  SCV  
  155  14:34  Marine x3  
  155  14:35  Marine x2, Marauder  
  162  14:56  Marine x5, Marauder x2  
  171  15:01  Marine x2, Marauder  
  174  15:11  Marauder  
  174  15:14  Marine x2  
  152  15:17  Marauder  
  120  15:30  Marine  
  120  15:31  Marine x3, Marauder  
  114  15:38  Marine x2, Marauder  
  114  15:42  Marauder  
  104  15:51  Planetary Fortress  
  104  15:55  SCV x2  
  103  16:08  SCV x2  
  103  16:09  Marine  
  103  16:10  Marauder x2  
  110  16:20  Marine x2, Marauder  
  110  16:24  SCV x2  
  116  16:41  Marine x3  
  119  16:47  Marine x2  
  119  16:48  Marine x5  
  125  17:04  Missile Turret  
  125  17:05  SCV x3  
  128  17:11  Marine x4  
  128  17:12  Marine  
Show
View Real Time Build Order
Export as new Build Order

Nuckzer Zerg 

Build Orders: Hatch First 

Get SALT Encoding   

  12  0:01  Drone  
  13  0:08  Drone  
  14  0:27  Overlord  
  14  0:30  Extractor  
  14  0:31  Drone, Extractor  
  14  0:32  Drone  
  16  0:46  Drone  
  17  0:54  Hatchery  
  16  1:03  Drone  
  17  1:15  Spawning Pool  
  17  1:16  Drone  
  17  1:18  Extractor  
  16  1:20  Drone  
  16  1:24  Drone  
  18  1:38  Drone  
  19  1:44  Overlord  
  19  2:04  Zergling x2, Queen  
  19  2:08  Queen  
  24  2:09  Roach Warren  
  24  2:11  Drone  
  24  2:20  Drone x2  
  24  2:53  Roach x2  
  24  2:54  Roach x4  
  35  3:04  Overlord  
  35  3:05  Overlord  
  36  3:41  Ravager x2  
  36  3:44  Hatchery, Drone x6  
  41  4:14  Drone  
  41  4:15  Drone x2  
  44  4:18  Ravager  
  38  4:29  Ravager  
  33  4:49  Drone x7  
  33  4:50  Drone  
  41  5:02  Lair, Extractor  
  40  5:10  Queen  
  42  5:16  Drone x2  
  42  5:20  Drone x3  
  42  5:21  Evolution Chamber  
  46  5:22  Evolution Chamber  
  46  5:27  Extractor  
  45  5:28  Drone, Extractor  
  45  5:31  Overlord x3  
  45  5:34  Metabolic Boost  
  45  5:35  Roach x2  
  45  5:39  Zergling x12  
  51  5:50  Roach  
  51  5:51  Roach x2  
  57  6:11  Glial Reconstitution  
  57  6:16  Drone x2  
  57  6:17  Drone x2  
  61  6:20  Drone  
  57  6:40  Ravager x2  
  58  7:00  Zerg Melee Weapons Level 1, Zerg Ground Armor Level 1  
  58  7:03  Drone x2  
  58  7:04  Drone x6  
  58  7:05  Drone x4  
  58  7:07  Overlord x3  
  70  7:10  Roach x5  
  81  7:15  Drone x2  
  81  7:18  Overlord x2  
  81  7:19  Overlord  
  82  7:29  Drone x2  
  84  7:30  Drone  
  84  7:35  Baneling Nest  
  83  7:46  Drone, Infestation Pit  
  83  7:47  Drone  
  84  7:55  Extractor  
  84  7:56  Extractor  
  84  7:57  Roach  
  84  7:58  Roach x7  
  98  8:00  Zergling x12  
  104  8:18  Drone  
  104  8:19  Drone x2  
  107  8:20  Drone x2  
  107  8:24  Pathogen Glands  
  109  8:35  Ravager  
  109  8:36  Zergling x2, Ravager x2  
  109  8:37  Zergling x16  
  121  8:50  Hatchery  
  120  8:57  Ravager x2  
  120  8:58  Ravager  
  120  8:59  Zergling x4, Hatchery, Roach  
  120  9:00  Roach x2  
  127  9:22  Infestor  
  127  9:23  Infestor  
  124  9:43  Roach x3  
  124  9:45  Overlord x5  
  130  9:46  Overlord  
  128  10:07  Infestor x3  
  134  10:19  Hive  
  134  10:21  Queen  
  134  10:24  Queen  
  134  10:26  Drone  
  140  10:28  Drone  
  140  10:48  Drone  
  140  10:49  Drone x3  
  136  10:50  Drone x4  
  136  10:51  Drone  
  140  11:16  Roach  
  140  11:17  Roach x17  
  176  11:26  Baneling x6  
  176  11:27  Baneling x8  
  176  11:29  Centrifical Hooks  
  176  11:33  Zergling x10  
  176  11:34  Zergling x4  
  104  11:58  Zergling x2  
  104  11:59  Zergling x24  
  114  12:01  Infestor  
  114  12:02  Infestor x2  
  118  12:10  Ravager x2  
  118  12:11  Ravager  
  118  12:12  Zergling x2  
  118  12:13  Zergling x12  
  117  12:38  Zergling x2, Roach  
  117  12:39  Roach x17  
  146  12:51  Roach x5  
  152  13:04  Roach  
  152  13:05  Roach x7  
  168  13:07  Ravager x2  
  170  13:21  Zerg Ground Armor Level 2  
  164  13:28  Hatchery  
  164  13:32  Infestor  
  165  13:42  Hatchery  
  132  14:06  Extractor  
  132  14:07  Infestor x3  
  137  14:10  Extractor  
  137  14:13  Zergling x4  
  137  14:14  Zergling x14  
  137  14:15  Zergling x10  
  150  14:20  Ultralisk Cavern  
  147  14:39  Baneling x2  
  147  14:40  Baneling  
  147  14:41  Ravager  
  147  14:42  Ravager  
  149  14:50  Zergling x2  
  149  14:51  Zergling x10  
  118  15:18  Zergling x2  
  118  15:19  Zergling x18  
  70  15:36  Zergling x14  
  48  15:51  Zergling x2  
  48  15:52  Zergling x12  
  55  15:57  Baneling  
  55  15:58  Baneling x3  
  55  16:26  Ultralisk  
  57  16:43  Extractor  
  57  16:45  Extractor  
  55  16:48  Ultralisk  
Tags
 
Add a new tag
Caveats
  • Supply blocks, unpowered buildings, or Contaminate may cause inaccurate times.
  • Supply counts are checked every 10 seconds.